[Event "Titled Tuesday Blitz November 22 Early 2022"]
[White "Gabdrakhmanov, Azat"]
[Black "Bristy, Mukherjee"]
[WhiteFideId "34189197"]
[BlackFideId "25077325"]
[WhiteElo "2254"]
[BlackElo "1715"]
[Result "0-1"]
[Round "03"]
[TimeControl "180+1"]
[Date "2022.11.23"]
[WhiteClock "0:00:02"]
[BlackClock "0:00:18"]

1. e4 b6 2. Nf3 Bb7 3. d3 e6 4. Be2 Nf6 5. O-O Be7 6. b3 d5 7. e5 Nfd7 8. Bb2 c5 9. Nbd2 d4 10. Re1 Nc6 11. Bf1 Qc7 12. Nc4 b5 13. Nd6+ Bxd6 14. exd6 Qxd6 15. c3 O-O 16. cxd4 Nxd4 17. Nxd4 cxd4 18. Qh5 a6 19. a4 Nf6 20. Qh4 Rfd8 21. Rec1 b4 22. Rc4 e5 23. Rac1 Bd5 24. Rc5 Bxb3 25. Rc6 Qe7 26. a5 Ba4 27. Rc7 Rd7 28. R7c5 Bb5 29. g3 Re8 30. Bh3 Ra7 31. Bf5 g6 32. Be4 Nxe4 33. Qxe4 f5 34. Qg2 Bxd3 35. f4 exf4 36. Bxd4 Rd7 37. Qa2+ Qf7 38. Qxf7+ Kxf7 39. Ba1 f3 40. Kf2 Be4 41. Ke3 Rd3+ 42. Kf4 f2 43. Rf1 Rf3+ 44. Kg5 Bd3 45. Rc7+ Re7 46. Rxe7+ Kxe7 0-1


[Site "https://www.chess.com"]

[Event "Titled Tuesday Blitz November 22 Early 2022"]
[White "Garcia Ramos, Daniel"]
[Black "Osinovsky, Stepan"]
[WhiteFideId "32010311"]
[BlackFideId "4157354"]
[WhiteElo "2357"]
[BlackElo "2222"]
[Result "1-0"]
[Round "03"]
[TimeControl "180+1"]
[Date "2022.11.23"]
[WhiteClock "0:00:06"]
[BlackClock "0:00:02"]

1. e4 e5 2. Nf3 Nc6 3. Bc4 Nf6 4. d3 Be7 5. O-O d5 6. exd5 Nxd5 7. Re1 Bg4 8. h3 Bh5 9. Bb5 O-O 10. g4 Bg6 11. Bxc6 bxc6 12. Nxe5 Bd6 13. Nd2 Qh4 14. Qf3 f5 15. Qg3 Qxg3+ 16. fxg3 fxg4 17. hxg4 Rae8 18. Ndc4 Nb4 19. Re2 Nxc2 20. Rxc2 Bxe5 21. Nxe5 Rxe5 22. Bf4 Rd5 23. Rxc6 Bxd3 24. Rxc7 g5 25. Bd2 Rf3 26. Bc3 Rxg3+ 27. Kh2 Rxg4 28. Re1 Re4 29. Rxe4 Bxe4 30. Rxa7 h6 31. a4 h5 32. a5 h4 33. a6 g4 34. Rg7+ Kf8 35. a7 Rd8 36. Rxg4 1-0


[Site "https://www.chess.com"]

[Event "Titled Tuesday Blitz November 22 Early 2022"]
[White "Gardezi, Arsal"]
[Black "Orzech, Dominik"]
[WhiteFideId "30949521"]
[BlackFideId "1115065"]
[WhiteElo "1906"]
[BlackElo "2272"]
[Result "1-0"]
[Round "03"]
[TimeControl "180+1"]
[Date "2022.11.23"]
[WhiteClock "0:01:29"]
[BlackClock "0:00:11"]

1. Nf3 Nf6 2. g3 d5 3. Bg2 g6 4. O-O c5 5. c3 Bg7 6. d4 O-O 7. Bf4 Nc6 8. Nbd2 cxd4 9. cxd4 Bf5 10. Qb3 Na5 11. Qa4 Rc8 12. Rac1 Qb6 13. Ne5 Nc6 14. Nxc6 bxc6 15. Nb3 Ne4 16. Na5 Qxb2 17. Nxc6 Bf6 18. Qxa7 Rfe8 19. Be5 Bxe5 20. dxe5 Kg7 21. Rb1 Qxe2 22. Nxe7 Nd2 23. Nxf5+ gxf5 24. Rfe1 Qd3 25. Rb7 Rf8 26. e6 Ra8 27. Rxf7+ Kg6 28. Rg7+ Kh6 29. Rxh7+ Kg6 30. Qg7# 1-0


[Site "https://www.chess.com"]

[Event "Titled Tuesday Blitz November 22 Early 2022"]
[White "Garmash, Aliona"]
[Black "Fathy, Elameir"]
[WhiteFideId "34127620"]
[BlackFideId "10600396"]
[WhiteElo "1958"]
[BlackElo "2311"]
[Result "0-1"]
[Round "03"]
[TimeControl "180+1"]
[Date "2022.11.23"]
[WhiteClock "0:00:05"]
[BlackClock "0:00:25"]

1. d4 d5 2. Nf3 Nf6 3. c4 c6 4. Nc3 dxc4 5. a4 Bf5 6. e3 e6 7. Bxc4 Bb4 8. O-O O-O 9. Qe2 Bg6 10. Ne5 Nbd7 11. Nxg6 hxg6 12. Rd1 Qa5 13. Na2 Qxa4 14. e4 Nxe4 15. b3 Qa5 16. Qxe4 Bc3 17. Nxc3 Qxa1 18. Qc2 Qa5 19. Bf4 Rfd8 20. Bd6 Rac8 21. b4 Qh5 22. Be2 Qh4 23. Bg3 Qe7 24. Qb3 Nf6 25. Bf3 g5 26. h3 Rd7 27. Qa3 Rcd8 28. Be5 Ne8 29. Be2 f6 30. Bg3 Rxd4 31. Rxd4 Rxd4 32. Qxa7 Qxb4 33. Qb8 Kf7 34. Bh5+ g6 35. Bxg6+ Kxg6 36. Qxe8+ Kg7 0-1


[Site "https://www.chess.com"]

[Event "Titled Tuesday Blitz November 22 Early 2022"]
[White "Garv Gaur"]
[Black "Gonzalez Vega, Alejandro"]
[WhiteFideId "45030839"]
[BlackFideId "3510042"]
[WhiteElo "1960"]
[BlackElo "2284"]
[Result "1-0"]
[Round "03"]
[TimeControl "180+1"]
[Date "2022.11.23"]
[WhiteClock "0:00:22"]
[BlackClock "0:00:04"]

1. d4 d5 2. Nf3 Nf6 3. c4 e6 4. g3 Be7 5. Bg2 O-O 6. O-O dxc4 7. Qc2 a6 8. a4 Nc6 9. Qxc4 Rb8 10. Nc3 Na5 11. Qd3 c5 12. Bf4 Ra8 13. Rad1 c4 14. Qc2 Nd5 15. Bd2 Nb4 16. Qb1 Nb3 17. Be1 Rb8 18. Ne5 Qc7 19. Na2 Nxa2 20. Qxa2 f6 21. Nf3 b5 22. e4 Bb7 23. d5 exd5 24. exd5 Bd6 25. Nh4 Bc8 26. Bd2 Bg4 27. f3 Bd7 28. f4 Qc5+ 29. Kh1 Rfe8 30. Be1 Bg4 31. Bf2 Qb4 32. Rde1 Qd2 33. axb5 axb5 34. Qa7 Rxe1 35. Bxe1 Qxb2 36. Bb4 Nc5 37. Bxc5 Qe2 38. Bxd6 Rc8 39. h3 h5 40. hxg4 hxg4 41. Nf5 1-0


[Site "https://www.chess.com"]

[Event "Titled Tuesday Blitz November 22 Early 2022"]
[White "Gilmanov, Mansur"]
[Black "Le Goff, Damien"]
[WhiteFideId "4166868"]
[BlackFideId "634808"]
[WhiteElo "2377"]
[BlackElo "2371"]
[Result "1/2-1/2"]
[Round "03"]
[TimeControl "180+1"]
[Date "2022.11.23"]
[WhiteClock "0:00:12"]
[BlackClock "0:00:49"]

1. d4 f5 2. e3 Nf6 3. f4 d5 4. Nf3 e6 5. Bd3 a6 6. O-O c5 7. b3 Nc6 8. c3 Bd6 9. Ba3 Qe7 10. Ne5 cxd4 11. Bxd6 Qxd6 12. exd4 O-O 13. Nd2 Ne4 14. Rc1 Bd7 15. Ndf3 Be8 16. Nxc6 bxc6 17. Ne5 c5 18. Bxe4 fxe4 19. c4 a5 20. cxd5 cxd4 21. Qxd4 exd5 22. Rfd1 Rxf4 23. Qxd5+ Qxd5 24. Rxd5 Rf5 25. g4 Rf4 26. Rf1 Rxf1+ 27. Kxf1 a4 28. b4 a3 29. Kf2 Rb8 30. Rd4 Rc8 31. Rxe4 Bb5 32. Rd4 Rc2+ 33. Kf3 g6 34. Rd5 Bf1 35. Ra5 Rxa2 36. h4 Ra1 37. Kf4 Rb1 38. Nc6 Bg2 39. b5 Rb4+ 40. Kg3 Bxc6 41. bxc6 Rc4 42. Rxa3 Rxc6 43. Ra7 Rc5 44. g5 1/2-1/2


[Site "https://www.chess.com"]

[Event "Titled Tuesday Blitz November 22 Early 2022"]
[White "Gines Esteo, Pedro Antonio"]
[Black "Gheorghiu, Calin"]
[WhiteFideId "32080190"]
[BlackFideId "1200305"]
[WhiteElo "2422"]
[BlackElo "2225"]
[Result "1-0"]
[Round "03"]
[TimeControl "180+1"]
[Date "2022.11.23"]
[WhiteClock "0:01:32"]
[BlackClock "0:00:02"]

1. d4 Nf6 2. g3 e6 3. Bg2 c5 4. Nf3 cxd4 5. Nxd4 d5 6. O-O e5 7. Nb3 Nc6 8. c4 d4 9. f4 e4 10. f5 Be7 11. Bg5 O-O 12. Bxf6 Bxf6 13. Bxe4 Re8 14. N1d2 Ne5 15. Bd5 Ng4 16. Ne4 Ne3 17. Nxf6+ Qxf6 18. Qxd4 Qxd4 19. Nxd4 Nxf1 20. Rxf1 a6 21. e4 Rb8 22. c5 Bd7 23. b4 a5 24. b5 Rec8 25. Rc1 Be8 26. Kf2 Kf8 27. Ke3 Ke7 28. e5 f6 29. e6 Rd8 30. Ke4 Rdc8 31. a4 Rd8 32. c6 bxc6 33. Bxc6 Rdc8 34. Rc5 1-0


[Site "https://www.chess.com"]

[Event "Titled Tuesday Blitz November 22 Early 2022"]
[White "Ginzburg, Yakov"]
[Black "Mayaud, Raphael"]
[WhiteFideId "4157176"]
[BlackFideId "627151"]
[WhiteElo "2305"]
[BlackElo "2191"]
[Result "1-0"]
[Round "03"]
[TimeControl "180+1"]
[Date "2022.11.23"]
[WhiteClock "0:00:17"]
[BlackClock "0:00:12"]

1. d4 Nf6 2. Nf3 d5 3. c4 c6 4. Nc3 e6 5. e3 Nbd7 6. Qc2 Bd6 7. g4 h6 8. Rg1 dxc4 9. Bxc4 b5 10. Bxe6 fxe6 11. Qg6+ Kf8 12. g5 Qe8 13. gxf6 Qxg6 14. Rxg6 Nxf6 15. e4 Kf7 16. Rg1 b4 17. e5 bxc3 18. bxc3 Be7 19. exf6 gxf6 20. Rb1 Ba6 21. Bf4 h5 22. Kd2 Rhg8 23. Rxg8 Rxg8 24. Rb8 Rxb8 25. Bxb8 Bc4 26. Bxa7 Bxa2 27. Bc5 Bxc5 28. dxc5 e5 29. Ke3 Ke6 30. Ne1 Kd5 31. Nd3 Bc4 32. Nb4+ Kxc5 33. Ke4 Be6 34. f4 exf4 35. Kxf4 Kd6 36. h4 c5 37. Nc2 Kd5 38. Ne3+ Kd6 39. Ke4 Kc6 40. c4 Kd6 41. Kf4 Kc6 42. Ke4 Kd6 43. Kf4 Kc7 44. Ke4 Kb6 45. Kd3 Ka5 46. Kc3 Ka4 47. Ng2 Ka3 48. Nf4 Ka4 49. Nxe6 Ka3 50. Nxc5 1-0


[Site "https://www.chess.com"]

[Event "Titled Tuesday Blitz November 22 Early 2022"]
[White "Golichenko, Ilija"]
[Black "Narayanan, Srinath"]
[WhiteFideId "14117223"]
[BlackFideId "5018420"]
[WhiteElo "2350"]
[BlackElo "2459"]
[Result "1-0"]
[Round "03"]
[TimeControl "180+1"]
[Date "2022.11.23"]
[WhiteClock "0:01:13"]
[BlackClock "0:00:03"]

1. d4 Nf6 2. c4 e6 3. Nc3 Bb4 4. Qc2 O-O 5. e4 d5 6. e5 Ne4 7. Bd3 c5 8. cxd5 exd5 9. Ne2 Nc6 10. a3 cxd4 11. axb4 Nxb4 12. Qb1 dxc3 13. bxc3 Nxd3+ 14. Qxd3 Nc5 15. Qg3 Bf5 16. O-O Bd3 17. Re1 Bxe2 18. Rxe2 a5 19. Bh6 Ne6 20. f4 Kh8 21. f5 gxh6 22. fxe6 fxe6 23. Qh3 Rf5 24. Qxh6 Qb6+ 25. Kh1 Raf8 26. Ree1 Qf2 27. h3 Rg8 28. Rg1 Rg6 29. Qc1 b6 30. Rb1 Rh5 31. Rb2 Qg3 32. Qf1 Kg8 33. Rf2 Kg7 34. Rf7+ Kh6 35. Re7 Rf5 36. Qc1+ Qg5 37. Qa3 Rf2 38. Rb7 Qxe5 39. Qe7 1-0


[Site "https://www.chess.com"]

[Event "Titled Tuesday Blitz November 22 Early 2022"]
[White "Goriatchkin, Jouri"]
[Black "Ghosh, Chanchal Kumer"]
[WhiteFideId "4120183"]
[BlackFideId "10201858"]
[WhiteElo "1892"]
[BlackElo "2058"]
[Result "0-1"]
[Round "03"]
[TimeControl "180+1"]
[Date "2022.11.23"]
[WhiteClock "0:00:07"]
[BlackClock "0:00:08"]

1. d4 d5 2. c4 e6 3. Nc3 Nf6 4. Nf3 c6 5. e3 Nbd7 6. Qc2 Bd6 7. b3 O-O 8. Be2 e5 9. cxd5 cxd5 10. dxe5 Nxe5 11. O-O Bg4 12. Nxe5 Bxe5 13. Bxg4 Nxg4 14. h3 Rc8 15. Bb2 Nf6 16. Qd2 Qa5 17. Rac1 Rc6 18. a3 Rfc8 19. b4 Qc7 20. Ne2 Bxb2 21. Qxb2 Ne4 22. Rxc6 Qxc6 23. Rc1 Qd7 24. Rxc8+ Qxc8 25. f3 Nf6 26. Qc3 Qe8 27. Nd4 h6 28. Kf2 Qe5 29. Ne2 Qh2 30. Ng3 h5 31. Qc8+ Kh7 32. Qf5+ Kg8 33. Qc8+ Kh7 34. Qxb7 h4 35. Ne2 Qe5 36. Qb5 g5 37. Qd3+ Kg7 38. Qd4 Qf5 39. Kg1 Kh6 40. Kh2 Kg6 41. Kg1 Kg7 42. Kh2 Kh6 43. Nc3 Kg6 44. e4 dxe4 45. fxe4 Qf4+ 46. Kh1 g4 0-1


[Site "https://www.chess.com"]

[Event "Titled Tuesday Blitz November 22 Early 2022"]
[White "Goroshkov, Maksym"]
[Black "Mihailidis, Anastasios"]
[WhiteFideId "14142716"]
[BlackFideId "4205588"]
[WhiteElo "2257"]
[BlackElo "2312"]
[Result "1-0"]
[Round "03"]
[TimeControl "180+1"]
[Date "2022.11.23"]
[WhiteClock "0:02:01"]
[BlackClock "0:01:41"]

1. e4 c5 2. c3 d5 3. exd5 Qxd5 4. d4 Nf6 5. Nf3 Bg4 6. Be2 Nc6 7. c4 Qd6 8. d5 Ne5 9. O-O Bxf3 10. Bxf3 Nxf3+ 11. Qxf3 g6 12. Bf4 Qd7 13. d6 e6 14. Be5 Ng8 15. Bxh8 f6 16. Bxf6 Nxf6 17. Qxf6 Bg7 18. Qf4 Bxb2 19. Nd2 Bxa1 20. Rxa1 O-O-O 21. Ne4 b6 22. Rd1 Re8 23. Nf6 Qf7 24. d7+ Kd8 25. dxe8=Q# 1-0


[Site "https://www.chess.com"]

[Event "Titled Tuesday Blitz November 22 Early 2022"]
[White "Goryachkina, Aleksandra"]
[Black "Fiol, Fabrice"]
[WhiteFideId "4147103"]
[BlackFideId "611670"]
[WhiteElo "2484"]
[BlackElo "2450"]
[Result "1-0"]
[Round "03"]
[TimeControl "180+1"]
[Date "2022.11.23"]
[WhiteClock "0:00:41"]
[BlackClock "0:00:36"]

1. e4 c5 2. Nf3 e6 3. g3 Nc6 4. Bg2 a6 5. O-O Qc7 6. c3 d6 7. d4 e5 8. b4 cxd4 9. cxd4 Nf6 10. Bb2 Be7 11. d5 Nb8 12. Nbd2 b5 13. Rc1 Qb7 14. Nh4 O-O 15. Qc2 Nbd7 16. Nf5 Nb6 17. Qc6 Qxc6 18. Nxe7+ Kh8 19. Rxc6 Na4 20. Ba1 Bd7 21. Rxd6 Rfe8 22. Nc6 Bxc6 23. Rxc6 a5 24. bxa5 Rxa5 25. Rfc1 h6 26. f4 Ng4 27. h3 Ne3 28. fxe5 Nxg2 29. Kxg2 b4 30. Nb3 Raa8 31. R1c2 Nc3 32. Bxc3 bxc3 33. e6 fxe6 34. Rxe6 Rxe6 35. dxe6 Re8 36. Rxc3 Rxe6 37. Nc5 1-0


[Site "https://www.chess.com"]

[Event "Titled Tuesday Blitz November 22 Early 2022"]
[White "Grabinsky, Vladimir"]
[Black "Ciuffoletti, Paolo"]
[WhiteFideId "14107074"]
[BlackFideId "807630"]
[WhiteElo "2198"]
[BlackElo "2143"]
[Result "1-0"]
[Round "03"]
[TimeControl "180+1"]
[Date "2022.11.23"]
[WhiteClock "0:00:09"]
[BlackClock "0:00:30"]

1. e4 c5 2. b4 cxb4 3. a3 d5 4. exd5 Qxd5 5. Bb2 Nf6 6. Nf3 Nc6 7. axb4 Nxb4 8. Nc3 Qd8 9. Bb5+ Bd7 10. O-O Nc6 11. Re1 e6 12. Bxc6 Bxc6 13. Ne5 Qc7 14. Qe2 a6 15. Nb5 Qb6 16. Nxc6 Qxc6 17. Be5 Rc8 18. Na7 Qd7 19. Nxc8 Qxc8 20. c3 Be7 21. d4 O-O 22. Qd3 Nd5 23. c4 Nb6 24. Qg3 f6 25. Bd6 Re8 26. Bxe7 Rxe7 27. Rac1 Qd7 28. Qe3 Qd6 29. c5 1-0


[Site "https://www.chess.com"]

[Event "Titled Tuesday Blitz November 22 Early 2022"]
[White "Grandelius, Nils"]
[Black "Aldokhin, Ivan"]
[WhiteFideId "1710400"]
[BlackFideId "24115720"]
[WhiteElo "2617"]
[BlackElo "2313"]
[Result "1-0"]
[Round "03"]
[TimeControl "180+1"]
[Date "2022.11.22"]
[WhiteClock "0:00:09"]
[BlackClock "0:00:01"]

1. c4 Nf6 2. g3 g6 3. Bg2 Bg7 4. Nc3 O-O 5. d3 d6 6. Bg5 h6 7. Bd2 c6 8. e4 d5 9. cxd5 cxd5 10. e5 d4 11. exf6 dxc3 12. fxg7 cxd2+ 13. Qxd2 Kxg7 14. Nf3 Nc6 15. O-O Bg4 16. Qc3+ f6 17. Rfe1 e5 18. d4 Bxf3 19. Qxf3 exd4 20. Red1 Rf7 21. Qf4 Qc7 22. Qxc7 Rxc7 23. Bxc6 Rxc6 24. Rxd4 Rc7 25. Rad1 Re8 26. R1d2 Ree7 27. Kg2 Kf7 28. g4 Rc5 29. Rd8 Rc4 30. h3 Rcc7 31. Rh8 Kg7 32. Rdd8 Rc2 33. Rdg8+ Kf7 34. Rf8+ Ke6 35. Rxh6 Rxb2 36. Rxg6 Rf7 37. Re8+ Kd7 38. Re3 Rxa2 39. h4 Ra4 40. h5 f5 41. g5 Rg4+ 42. Kh3 Rf4 43. f3 Rd4 44. h6 f4 45. Re2 Rd1 46. Rg7 Rxg7 47. hxg7 Kd6 48. g8=Q Kc5 49. Kg4 1-0


[Site "https://www.chess.com"]

[Event "Titled Tuesday Blitz November 22 Early 2022"]
[White "Gurevich, Dmitry"]
[Black "Zaichenko, Daria"]
[WhiteFideId "2000407"]
[BlackFideId "4197453"]
[WhiteElo "2506"]
[BlackElo "2039"]
[Result "1-0"]
[Round "03"]
[TimeControl "180+1"]
[Date "2022.11.23"]
[WhiteClock "0:00:25"]
[BlackClock "0:00:01"]

1. d4 d5 2. c4 e6 3. Nc3 Be7 4. Nf3 Nf6 5. g3 O-O 6. Bg2 Ne4 7. Qc2 f5 8. O-O Bf6 9. Bf4 c6 10. Rfd1 Nd7 11. b4 Nb6 12. cxd5 exd5 13. a4 Nc4 14. b5 Bd7 15. bxc6 bxc6 16. Ne5 Bxe5 17. Bxe5 Nxe5 18. dxe5 Qb6 19. e3 Qc5 20. Rac1 Rab8 21. h3 Nxc3 22. Qxc3 Qxc3 23. Rxc3 g5 24. Rc5 Rb4 25. Ra5 Ra8 26. f4 gxf4 27. gxf4 Kf7 28. Rd2 Ke6 29. Kf2 Rb3 30. Raxd5 cxd5 31. Bxd5+ Ke7 32. Bxb3 Rb8 33. Rd3 Rb4 34. Rc3 a5 35. e6 Bxe6 36. Bxe6 Kxe6 37. Rc6+ Kf7 38. Rc5 Rxa4 39. Rxf5+ Kg6 40. Rg5+ Kf6 41. Kf3 Ra1 42. h4 a4 43. Ra5 a3 44. h5 a2 45. Ke4 Kg7 46. Ra6 Kf7 47. h6 Ke7 48. Ke5 Re1 49. Ra7+ Ke8 50. Rxa2 1-0


[Site "https://www.chess.com"]

[Event "Titled Tuesday Blitz November 22 Early 2022"]
[White "Hambleton, Aman"]
[Black "Pranav, V"]
[WhiteFideId "2606577"]
[BlackFideId "25060783"]
[WhiteElo "2538"]
[BlackElo "2430"]
[Result "0-1"]
[Round "03"]
[TimeControl "180+1"]
[Date "2022.11.22"]
[WhiteClock "0:00:02"]
[BlackClock "0:00:36"]

1. d4 Nf6 2. Bf4 c5 3. e3 cxd4 4. exd4 b6 5. Nf3 g6 6. h3 Bg7 7. c3 O-O 8. Bd3 Ba6 9. O-O d6 10. Re1 Qd7 11. Bc2 Nc6 12. a4 Rac8 13. Nbd2 Rfe8 14. Bh2 Na5 15. Ne4 Bb7 16. Nxf6+ Bxf6 17. Bd3 Bd5 18. Nd2 Qb7 19. Be4 Bg7 20. Qf3 Bxe4 21. Nxe4 Qd7 22. Nd2 a6 23. Qd3 Qb7 24. Bf4 e5 25. dxe5 dxe5 26. Bg3 Rcd8 27. Qe2 h5 28. Nc4 Nxc4 29. Qxc4 Rd2 30. Re2 b5 31. axb5 axb5 32. Qe4 Qxe4 33. Rxe4 Rxb2 34. Ra7 f5 35. Re1 f4 36. Bh4 e4 37. Bg5 Bxc3 38. Rc1 Bd4 39. Rb7 Rxf2 40. Kh1 f3 41. Rcc7 fxg2+ 42. Kh2 g1=Q+ 43. Kxg1 Rf5+ 44. Kh1 Rxg5 0-1


[Site "https://www.chess.com"]

[Event "Titled Tuesday Blitz November 22 Early 2022"]
[White "Han, Yichen"]
[Black "Donskov, Anatoly"]
[WhiteFideId "1054430"]
[BlackFideId "24143413"]
[WhiteElo "2323"]
[BlackElo "2219"]
[Result "1-0"]
[Round "03"]
[TimeControl "180+1"]
[Date "2022.11.23"]
[WhiteClock "0:00:20"]
[BlackClock "0:00:01"]

1. e4 c5 2. Nf3 e6 3. d4 cxd4 4. Nxd4 Nf6 5. Nc3 Nc6 6. Ndb5 Bc5 7. Bf4 O-O 8. Bc7 Qe7 9. Bd6 Bxd6 10. Qxd6 Qd8 11. Be2 a6 12. Nd4 Ne8 13. Nxc6 bxc6 14. Qg3 d5 15. O-O-O Qb6 16. Rhe1 Rb8 17. Na4 Qb4 18. a3 Qb7 19. Bxa6 Qa7 20. Bxc8 Rxc8 21. Nc3 Nf6 22. e5 Nd7 23. Qe3 Qb7 24. Na4 c5 25. Qb3 Qc6 26. Nc3 Rb8 27. Qa4 Qc7 28. b3 Ra8 29. Qh4 Rxa3 30. Kb2 Rfa8 31. Ra1 Qa5 32. Na4 Rxa1 33. Rxa1 Nxe5 34. Ra2 h6 35. Nc3 Qd8 36. Rxa8 Qxa8 37. Na4 c4 38. Qd4 Qb8 39. Nb6 Nc6 40. Qc5 Nd8 41. Nd7 Qa8 42. Qf8+ Kh7 43. Qe8 cxb3 44. Nf8+ Kg8 45. Nxe6+ Kh7 46. Nf8+ Kg8 47. cxb3 1-0


[Site "https://www.chess.com"]

[Event "Titled Tuesday Blitz November 22 Early 2022"]
[White "Harsh Suresh"]
[Black "Levitan, Caleb Levi"]
[WhiteFideId "45018464"]
[BlackFideId "14332620"]
[WhiteElo "2227"]
[BlackElo "1963"]
[Result "1/2-1/2"]
[Round "03"]
[TimeControl "180+1"]
[Date "2022.11.23"]
[WhiteClock "0:00:02"]
[BlackClock "0:00:05"]

1. b3 d5 2. Bb2 Bf5 3. Nf3 e6 4. e3 Nf6 5. c4 c5 6. Be2 Nc6 7. cxd5 exd5 8. d4 cxd4 9. Nxd4 Nxd4 10. Qxd4 Be7 11. Bb5+ Bd7 12. Bxd7+ Qxd7 13. O-O O-O 14. Nd2 Rac8 15. Rfc1 b6 16. Nf3 Rxc1+ 17. Rxc1 Rc8 18. Rxc8+ Qxc8 19. h3 h6 20. g4 Qe6 21. Kg2 Bc5 22. Qe5 Qxe5 23. Bxe5 Nd7 24. Bc3 f6 25. Kf1 Kf7 26. Ke2 Ke6 27. Nh4 Bf8 28. f4 Nc5 29. Bb4 Kf7 30. Nf5 Ne4 31. Bxf8 Kxf8 32. Nd4 a5 33. a4 Ke7 34. h4 Nc5 35. h5 Kf7 36. Kd2 g6 37. hxg6+ Kxg6 38. Kc3 Ne4+ 39. Kd3 Nc5+ 40. Kc2 h5 41. gxh5+ Kxh5 42. Nb5 Kg4 43. Nc7 Kf3 44. Nxd5 f5 45. Nxb6 Kxe3 46. Nc4+ Kxf4 47. Nxa5 Ke3 48. Nc4+ Ke2 49. Kc3 f4 50. Ne5 f3 51. Ng4 f2 52. Nxf2 Kxf2 1/2-1/2


[Site "https://www.chess.com"]

[Event "Titled Tuesday Blitz November 22 Early 2022"]
[White "Harsha Bharathakoti"]
[Black "Lehtosaari, Mauri"]
[WhiteFideId "5078776"]
[BlackFideId "501999"]
[WhiteElo "2523"]
[BlackElo "2507"]
[Result "1-0"]
[Round "03"]
[TimeControl "180+1"]
[Date "2022.11.23"]
[WhiteClock "0:00:09"]
[BlackClock "0:00:02"]

1. e4 d5 2. exd5 Qxd5 3. Nc3 Qe5+ 4. Be2 c6 5. Nf3 Qc7 6. d4 Nf6 7. O-O Bf5 8. Nh4 Be6 9. f4 g6 10. f5 gxf5 11. Nxf5 Bxf5 12. Rxf5 Nbd7 13. Bf4 Qd8 14. Bg3 e6 15. Rf1 Be7 16. Qd3 h5 17. h3 h4 18. Bh2 Qa5 19. a3 a6 20. b4 Qg5 21. Bf4 Qg7 22. Ne4 Nxe4 23. Qxe4 Nf6 24. Qd3 Rg8 25. Bf3 Nd5 26. Be5 Qg5 27. c4 Nf6 28. b5 Rc8 29. bxa6 bxa6 30. Rab1 Nd7 31. Bh2 Qa5 32. Rb7 Qxa3 33. Qh7 Qe3+ 34. Kh1 Rf8 35. Bh5 Nf6 36. Rxf6 Bxf6 37. Rxf7 Qe1+ 38. Bg1 Rxf7 39. Qxf7+ Kd8 40. Qxf6+ Kc7 41. Qe7+ Kb8 42. Bf3 Qd2 43. d5 exd5 44. Qa7# 1-0


[Site "https://www.chess.com"]

[Event "Titled Tuesday Blitz November 22 Early 2022"]
[White "Hartikainen, Jarmo"]
[Black "Grunberg, Mihai-Lucian"]
[WhiteFideId "503134"]
[BlackFideId "1204149"]
[WhiteElo "2193"]
[BlackElo "2363"]
[Result "1/2-1/2"]
[Round "03"]
[TimeControl "180+1"]
[Date "2022.11.23"]
[WhiteClock "0:00:19"]
[BlackClock "0:01:17"]

1. e4 c5 2. c3 d5 3. exd5 Qxd5 4. d4 Nc6 5. Nf3 Bg4 6. Be2 Nf6 7. c4 Qh5 8. d5 Nd4 9. Nxd4 cxd4 10. Bxg4 Qxg4 11. Qxg4 Nxg4 12. O-O Rc8 13. b3 g6 14. Bb2 Bg7 15. Rd1 b5 16. Bxd4 O-O 17. Bxg7 Kxg7 18. Rd4 Ne5 19. Nd2 Rfd8 20. Re1 f6 21. f4 Nc6 22. Rde4 e5 23. Nf3 Nb4 24. fxe5 f5 25. R4e2 bxc4 26. bxc4 Rxc4 27. d6 Nd3 28. Rd1 Nf4 29. Red2 Ne6 30. Nd4 Kf7 31. g3 Nxd4 32. Rxd4 Rxd4 33. Rxd4 Ke6 34. Ra4 Kxe5 35. Rxa7 Rxd6 36. Rxh7 Ra6 37. Rg7 Ke4 38. Kg2 Rxa2+ 39. Kh3 Ra6 40. Kh4 f4 41. gxf4 Kxf4 42. Kh3 g5 43. Rf7+ Ke4 44. Kg4 Rh6 45. Rg7 Rxh2 46. Kxg5 Rg2+ 47. Kf6 Rxg7 48. Kxg7 1/2-1/2


[Site "https://www.chess.com"]

[Event "Titled Tuesday Blitz November 22 Early 2022"]
[White "Hoffmann, Asa"]
[Black "Zubkov, Vsevolod"]
[WhiteFideId "2001470"]
[BlackFideId "24136760"]
[WhiteElo "2117"]
[BlackElo "2148"]
[Result "1-0"]
[Round "03"]
[TimeControl "180+1"]
[Date "2022.11.23"]
[WhiteClock "0:01:24"]
[BlackClock "0:00:12"]

1. d4 d5 2. Bg5 c5 3. dxc5 Nc6 4. c3 a5 5. e4 dxe4 6. Qxd8+ Kxd8 7. Na3 h6 8. O-O-O+ Kc7 9. Nb5+ Kb8 10. Bh4 f5 11. f3 g5 12. Bf2 Nf6 13. Bc4 Ne5 14. fxe4 Nxc4 15. exf5 Bxf5 16. Rd8+ Bc8 17. Bg3+ e5 18. Nf3 Ne4 19. Nxe5 b6 20. c6 Rh7 21. Nd7# 1-0


[Site "https://www.chess.com"]

[Event "Titled Tuesday Blitz November 22 Early 2022"]
[White "Horak, Martin"]
[Black "Fabris, Alberto"]
[WhiteFideId "367095"]
[BlackFideId "801348"]
[WhiteElo "2091"]
[BlackElo "2145"]
[Result "1-0"]
[Round "03"]
[TimeControl "180+1"]
[Date "2022.11.23"]
[WhiteClock "0:00:02"]
[BlackClock "0:00:01"]

1. e4 c6 2. Ne2 d5 3. e5 Bf5 4. d4 e6 5. Ng3 Bg6 6. h4 h6 7. h5 Bh7 8. Bd3 Bxd3 9. Qxd3 c5 10. c3 Nc6 11. Be3 Qb6 12. Nd2 cxd4 13. cxd4 Bb4 14. O-O Nge7 15. a3 Bxd2 16. Qxd2 Na5 17. Qe2 Nb3 18. Rad1 Rc8 19. Qg4 Rg8 20. f4 g6 21. hxg6 fxg6 22. Qh4 h5 23. Qg5 Kd7 24. Rd3 Na5 25. Bd2 Nac6 26. Bc3 Rcf8 27. f5 Nxf5 28. Nxf5 gxf5 29. Qxh5 Rg7 30. Rf2 Rfg8 31. Qh6 Qb5 32. Rh3 Qb3 33. Qh5 Qc4 34. Qe2 Qxe2 35. Rxe2 Rg4 36. Rd2 R8g7 37. Kf1 Re4 38. Rhd3 Rh7 39. Kf2 Rh1 40. Rh3 Rh4 41. Kg3 Rh7 42. Rxh1 Rxh1 43. Kf4 Rh5 44. g4 fxg4 45. Kxg4 Rf5 46. Rh2 b6 47. Rh7+ Kc8 48. Rg7 Kb8 49. Rd7 Kc8 50. Rd6 Nd8 51. Kg3 Rf1 52. Bb4 1-0


[Site "https://www.chess.com"]

[Event "Titled Tuesday Blitz November 22 Early 2022"]
[White "Hrabinska, Myroslava"]
[Black "Przybylski, Wojciech"]
[WhiteFideId "14109190"]
[BlackFideId "1117599"]
[WhiteElo "2171"]
[BlackElo "2221"]
[Result "0-1"]
[Round "03"]
[TimeControl "180+1"]
[Date "2022.11.23"]
[WhiteClock "0:00:03"]
[BlackClock "0:00:25"]

1. e4 e5 2. Nf3 Nc6 3. d4 exd4 4. Nxd4 Nf6 5. Nxc6 bxc6 6. e5 Qe7 7. Qe2 Nd5 8. c4 Nb6 9. g3 h5 10. Bg2 h4 11. b3 hxg3 12. hxg3 Rxh1+ 13. Bxh1 g6 14. Bb2 Bg7 15. Nd2 Bb7 16. O-O-O O-O-O 17. f4 d6 18. Re1 d5 19. Bf3 Kb8 20. Rh1 dxc4 21. Nxc4 Qc5 22. Kb1 Nd5 23. Rh7 Rg8 24. Qe1 Ba6 25. Na5 Bd3+ 26. Ka1 Ne3 27. Nxc6+ Qxc6 28. Qxe3 Qc2 29. Qc1 Qf2 30. Qc6 Qg1+ 31. Bc1 Qd4+ 32. Bb2 Qg1+ 33. Bc1 Kc8 34. Qa8+ Kd7 35. Qd5+ Ke7 36. Kb2 Rd8 37. Qc6 Qd4+ 38. Ka3 Bf8 39. Qf6+ Ke8+ 40. b4 Qxb4# 0-1


[Site "https://www.chess.com"]